 Dungeon Crawl Stone Soup version 0.19-a0-1072-g3763c35 (webtiles) character file.

492 Jarlath the Cutter (level 6, -6/36 HPs)
             Began as a High Elf Ice Elementalist on Aug 5, 2016.
             Killed by Freeze
             ... invoked by Jarlath's ghost
              (16 damage)
             ... on level 5 of the Dungeon.
             The game lasted 00:05:52 (4190 turns).

Jarlath the Cutter (High Elf Ice Elementalist)      Turns: 4190, Time: 00:05:53

Health: -6/36      AC:  7    Str:  7    XL:     6   Next: 91%
Magic:  11/11      EV: 12    Int: 21    God:
Gold:   206        SH:  0    Dex: 16    Spells: 3 memorised, 4 levels left

rFire  . . .     SeeInvis .     a - +1 short sword (venom)
rCold  . . .     Gourm    .     q - +0 leather armour
rNeg   . . .     Faith    .     (no shield)
rPois  .         Spirit   .     p - +0 helmet
rElec  .         Dismiss  .     (no cloak)
rCorr  .         Reflect  .     d - +2 pair of gloves
SustAt .         Harm     .     (no boots)
MR     .....                    (no amulet)
Stlth  ++........               (no ring)
                                n - ring of wizardry

@:
A: no striking features
a: no special abilities


You were on level 5 of the Dungeon.
You were not hungry.

You visited 1 branch of the dungeon, and saw 5 of its levels.

You collected 206 gold pieces.

Inventory:

Hand Weapons
 a - a +1 short sword of venom (weapon)
 b - a +2 dagger of holy wrath
Armour
 d - a +2 pair of gloves (worn)
 p - a +0 helmet (worn)
 q - a +0 leather armour (worn)
Jewellery
 n - a ring of wizardry (left hand)
Scrolls
 e - a scroll of magic mapping
 g - a scroll of teleportation {unknown}
 j - 3 scrolls of remove curse
 k - a scroll of amnesia
Potions
 h - a potion of agility {unknown}
 i - a potion of curing
 o - a potion of resistance {unknown}
Books
 f - a book of Battle

   Spells                             Type                      Level
   a - Infusion                       Charms                       1
   b - Shroud of Golubria             Charms/Translocation         2
   c - Song of Slaying                Charms                       2
   d - Spectral Weapon                Hexes/Charms                 3
   e - Regeneration                   Charms/Necromancy            3
 m - a book of Frost

   Spells                             Type                      Level
   a - Freeze                         Ice                          1
   b - Throw Frost                    Conjuration/Ice              2
   c - Ozocubu's Armour               Charms/Ice                   3
   d - Throw Icicle                   Conjuration/Ice              4
   e - Summon Ice Beast               Ice/Summoning                4
Comestibles
 c - 5 bread rations
 l - 4 fruits


   Skills:
 * Level 7.7 Short Blades
 - Level 2.6 Dodging
 - Level 2.3 Stealth
 - Level 3.0 Spellcasting
   Level 1.1 Conjurations
 - Level 3.6 Ice Magic


You had 4 spell levels left.
You knew the following spells:

 Your Spells              Type           Power        Failure   Level  Hunger
a - Freeze                Ice            ###.         2%          1    None
b - Ozocubu's Armour      Chrm/Ice       ##......     12%         3    ###....
c - Regeneration          Chrm/Necr      #.........   36%         3    ###....


Dungeon Overview and Level Annotations

Branches:
Dungeon (5/15)
 Temple: D:4-7

Altars:
Dithmenos
Zin

Annotations:
D:4 Jarlath's ghost, amateur HEIE
D:5 Jarlath's ghost, novice HEIE


Message History

The giant frog skeleton hits you but does no damage.
The ice beast barely misses you. Jarlath's ghost casts a spell at you.
You are frozen.
You hit the giant frog skeleton.
The giant frog skeleton is heavily damaged.
The giant frog skeleton closely misses you.
The ice beast barely misses you.
You hit the giant frog skeleton.
The giant frog skeleton is severely damaged.
The giant frog skeleton hits you.
Jarlath's ghost hits you but does no damage.
You hit the giant frog skeleton.
The giant frog skeleton is severely damaged.
The giant frog skeleton closely misses you.
The ice beast hits you. The ice beast freezes you!
* * * LOW HITPOINT WARNING * * *
Jarlath's ghost points at you and mumbles some strange words.
You are frozen.
You die...

.#.#.#.#.#. .#.#.##
............ .........
.#.#.#.#.#.# .........
............ ........
.#.#.#.#.#.# ##.#'#.##
............###.......##
.#.#.#.#.#.#..........?.
......................#
.#.#.#.#.#.####.@Z....#
.....####..####WY.....#
.............##......(#
.............##.......#
.##..........##.......#
.##..........###.######
.##...(..........#
.###########.##..#
........ .#


You could see an ice beast, Jarlath's ghost and a giant frog skeleton.

Vanquished Creatures
  2 ogres
  A crimson imp (D:5)
  An orc priest (D:4)
  2 orc wizards
  A worker ant (D:5)
  A howler monkey zombie (D:5)
  Robin (D:3)
  6 adders
  2 dart slugs
  A worm (D:2)
  3 giant geckos
  6 orcs
  8 bats
  10 goblins
  12 hobgoblins
  8 jackals (D:2)
  6 kobolds
  6 quokkas
  6 giant newts
  8 rats
91 creatures vanquished.

Notes
Turn   | Place    | Note
-------+----------+-------------------------------------------
     0 | D:1      | Jarlath the High Elf Ice Elementalist began the quest for the Orb.
     0 | D:1      | Reached XP level 1. HP: 11/11 MP: 4/4
   135 | D:2      | Reached XP level 2. HP: 17/17 MP: 0/6
   333 | D:2      | Found a glowing silver altar of Zin.
  1062 | D:2      | Reached XP level 3. HP: 21/21 MP: 4/8
  1460 | D:2      | Reached skill level 1 in Short Blades
  1709 | D:1      | Reached skill level 2 in Short Blades
  1938 | D:1      | Reached XP level 4. HP: 27/27 MP: 9/9
  2158 | D:1      | Learned a level 3 spell: Ozocubu's Armour
  2162 | D:1      | Learned a level 3 spell: Regeneration
  2581 | D:3      | Noticed Robin
  2625 | D:3      | Killed Robin
  2625 | D:3      | Reached skill level 3 in Short Blades
  3008 | D:3      | Reached skill level 4 in Short Blades
  3013 | D:3      | Reached XP level 5. HP: 21/31 MP: 10/10
  3259 | D:4      | Noticed an ogre
  3273 | D:4      | Killed an ogre
  3273 | D:4      | Reached skill level 5 in Short Blades
  3371 | D:4      | Reached skill level 6 in Short Blades
  3371 | D:4      | Reached XP level 6. HP: 25/36 MP: 11/11
  3628 | D:4      | Found a shadowy altar of Dithmenos.
  3959 | D:4      | Noticed Jarlath's ghost (amateur HEIE)
  4009 | D:5      | Entered Level 5 of the Dungeon
  4035 | D:5      | Reached skill level 7 in Short Blades
  4182 | D:5      | Noticed Jarlath's ghost (novice HEIE)
  4185 | D:5      | Noticed an ice beast
  4190 | D:5      | Killed from afar by Jarlath's ghost

Vault maps used:
D:1:      scummos_arrival_star
D:2:      lemuel_crystal_altar, kennysheep_doodads
D:3:      first_bread, uniq_robin
D:4:      lemuel_round_altar
D:5:      st_stairs_11

Skill      XL: |  1  2  3  4  5  6 |
---------------+-------------------+-----
Spellcasting   | 3 |  3.0
Short Blades   | 2 4 6 7 |  7.7
Dodging        | |  2.6
Stealth        | |  2.3
Conjurations   | |  1.1
Ice Magic      | |  3.6

Action                   |  1- 3 |  4- 6 || total
-------------------------+-------+-------++-------
Melee: Unarmed           |    13 |       ||    13
       Short sword       |    82 |   151 ||   233
       Dagger            |       |    13 ||    13
 Cast: Freeze            |    38 |    11 ||    49
       Ozocubu's Armour  |       |     3 ||     3
  Use: Scroll            |     1 |     9 ||    10
       Potion            |       |     4 ||     4
 Stab: Sleeping          |       |     3 ||     3
  Eat: Meat ration       |     1 |       ||     1
       Chunk             |       |     6 ||     6
Armor: Robe              |     7 |       ||     7
       Ring mail         |    41 |    46 ||    87
       Leather armour    |       |    22 ||    22
Dodge: Dodged            |    78 |    97 ||   175
